 Dungeon Crawl Stone Soup version 0.23-a0-136-g722f094 (console) character file.

255422 toffzen the Imperceptible (level 19, -15/103 HPs)
             Began as a Spriggan Enchanter on Aug 23, 2018.
             Was an Initiate of Gozag.
             Killed from afar by a fire giant (66 damage)
             ... with a fireball
             ... on level 3 of the Vaults on Aug 28, 2018.
             The game lasted 04:03:41 (66801 turns).

toffzen the Imperceptible (Spriggan Enchanter)     Turns: 66801, Time: 04:03:41

Health: -15/103    AC:  3    Str:  4    XL:     19   Next: 4%
Magic:  3/36       EV: 37    Int: 26    God:    Gozag
Gold:   13169      SH: 11    Dex: 20    Spells: 20/42 levels left

rFire    . . .     SeeInvis +   a - +1 dagger {pierce, Int+3 Dex+2}
rCold    . . .     Gourm    .   m - +1 buckler {reflect}
rNeg     . . .     Faith    .   f - +1 robe of an ice cave {MR+}
rPois    +         Spirit   .   N - +0 hat
rElec    .         Reflect  +   x - scarf {repulsion}
rCorr    .         Harm     .   (gloves unavailable)
MR       +++++                  (boots unavailable)
Stlth    +++++++++.             w - +2 amulet of reflection
HPRegen  0.27/turn              P - ring of protection from magic
MPRegen  0.25/turn              c - ring of poison resistance

@: gold aura, repel missiles, very quick
A: very small, unfitting armour, see invisible, herbivore, speed 3, slow
metabolism 2
}: 2/15 runes: decaying, serpentine
a: Potion Petition, Call Merchant, Bribe Branch, Renounce Religion


You were on level 3 of the Vaults.
You worshipped Gozag.
Gozag was extremely pleased with you.
You were not hungry.

You visited 6 branches of the dungeon, and saw 34 of its levels.
You visited 1 bazaar.

You collected 13884 gold pieces.
You spent 602 gold pieces at shops.
You paid 113 gold pieces to Gozag.

Inventory:

Hand Weapons
 a - the +1 dagger of Garuvos (weapon) {pierce, Int+3 Dex+2}
   (You found it on level 1 of the Vaults)

   It inflicts extra damage upon your enemies.
   It affects your intelligence (+3).
   It affects your dexterity (+2).
Missiles
 o - 1047 stones (quivered)
 I - 2 throwing nets
 L - 432 arrows
Armour
 f - the +1 robe of an ice cave (worn) {MR+}
   (You found it on level 15 of the Dungeon)

   It affects your resistance to hostile enchantments.
 m - a +1 buckler of reflection (worn)
 x - a scarf of repulsion (worn)
 N - a +0 hat (worn)
Jewellery
 b - an uncursed ring of resist corrosion
 c - a ring of poison resistance (right hand)
 l - an uncursed ring of protection from cold
 w - a +2 amulet of reflection (around neck)
 A - an uncursed ring of protection from fire
 P - a ring of protection from magic (left hand)
Wands
 s - a wand of acid (13)
 C - a wand of digging (84)
 D - a wand of flame (31)
 O - a wand of iceblast (35)
 T - a wand of paralysis (15)
Scrolls
 e - 6 scrolls of enchant armour
 h - 8 scrolls of immolation
 i - 6 scrolls of amnesia
 j - 7 scrolls of enchant weapon
 k - 3 scrolls of fog
 q - 14 scrolls of teleportation
 r - 11 scrolls of remove curse
 y - 4 scrolls of magic mapping
 F - a scroll of brand weapon
 G - 9 scrolls of fear
 H - 6 scrolls of summoning
 K - a scroll of acquirement
 V - 4 scrolls of blinking
 X - 2 scrolls of vulnerability
Potions
 n - 8 potions of brilliance
 p - 4 potions of haste
 t - a potion of lignification
 u - 4 potions of flight
 v - 4 potions of agility
 z - 2 potions of might
 B - 8 potions of curing
 E - a potion of magic
 J - a potion of berserk rage
 Q - 2 potions of cancellation
 U - 2 potions of mutation
 W - 2 potions of resistance
 Y - 2 potions of heal wounds
Miscellaneous
 g - a box of beasts
 R - 2 phantom mirrors
 S - a lamp of fire
 Z - a lightning rod (4/4)
Comestibles
 d - 12 rations


   Skills:
 + Level 12.7 Fighting
 - Level 7.0 Short Blades
 + Level 21.1 Dodging
 + Level 23.5 Stealth
 - Level 7.2 Shields
 - Level 12.3 Spellcasting
 - Level 11.6 Hexes
 - Level 7.0 Summonings
 - Level 5.0 Transmutations
 - Level 5.0 Ice Magic
 - Level 5.0 Air Magic


You had 20 spell levels left.
You knew the following spells:

 Your Spells              Type           Power        Failure   Level  Hunger
a - Corona                Hex            ######.      1%          1    None
b - Ensorcelled Hibernat  Hex/Ice        ######       1%          2    None
c - Confuse               Hex            ######..     1%          3    None
d - Dazzling Spray        Conj/Hex       #####.       1%          3    None
e - Tukima's Dance        Hex            ######..     1%          3    None
f - Summon Lightning Spi  Summ/Air       #####...     3%          4    None
g - Summon Ice Beast      Ice/Summ       #####...     3%          4    None
h - Sticks to Snakes      Tmut           #####...     1%          2    None

Your spell library contained the following spells:

 Spells                   Type           Power        Failure   Level  Hunger
 Beastly Appendage        Tmut           #####.       1%          1    None
 Summon Small Mammal      Summ           ####         1%          1    None
 Call Imp                 Summ           ######..     1%          2    None
 Poisonous Vapours        Pois/Air       ####..       1%          2    None
 Slow                     Hex            ######..     1%          2    None
 Call Canine Familiar     Summ           ######..     1%          3    None
 Inner Flame              Hex/Fire       #####...     1%          3    None
 Portal Projectile        Hex/Tloc       #####.       1%          3    None
 Spectral Weapon          Hex/Chrm       #####...     1%          3    None
 Summon Guardian Golem    Hex/Summ       ######..     1%          3    None
 Cause Fear               Hex            ######....   1%          4    None
 Animate Skeleton         Necr           N/A          3%          1    None
 Infusion                 Chrm           ###.         3%          1    None
 Pain                     Necr           ###.         3%          1    None
 Spider Form              Tmut/Pois      ####......   3%          3    None
 Leda's Liquefaction      Hex/Erth       #####.....   3%          4    None
 Ice Form                 Ice/Tmut       #####...     4%          4    None
 Shroud of Golubria       Chrm/Tloc      ###.......   5%          2    None
 Song of Slaying          Chrm           ###.....     5%          2    None
 Mephitic Cloud           Conj/Pois/Air  ###.....     5%          3    None
 Conjure Flame            Conj/Fire      ###.....     11%         3    None
 Gell's Gravitas          Tloc           ###.......   11%         3    None
 Regeneration             Chrm/Necr      ###.......   11%         3    None
 Vampiric Draining        Necr           ###.......   11%         3    None
 Blade Hands              Tmut           #####.....   13%         5    ###....
 Irradiate                Conj/Tmut      ####......   34%         5    ###....
 Animate Dead             Necr           N/A          36%         4    None
 Passage of Golubria      Tloc           N/A          36%         4    None
 Hydra Form               Tmut           #####.....   56%         6    #####..
 Freezing Cloud           Conj/Ice/Air   ####......   82%         6    #####..
 Statue Form              Tmut/Erth      ####.....    89%         6    #####..
 Dragon Form              Tmut           #####.....   98%         7    ######.
 Ring of Flames           Chrm/Fire      ###.......   100%        7    ######.
 Disjunction              Tloc           ###.......   100%        8    #######


Dungeon Overview and Level Annotations

Branches:
Dungeon (15/15)            Temple (0/1) D:6            Lair (6/6) D:8
  Swamp (4/4) Lair:2        Snake (4/4) Lair:4        Slime (0/5) Lair:6
    Orc (2/2) D:10            Elf (0/3) Orc:2        Vaults (3/5) D:14
  Crypt (0/3) Vaults:3     Depths (0/5) D:15

Altars:
Cheibriados
Dithmenos
Gozag
Nemelex Xobeh
Qazlal
Uskayaw
Wu Jian
Xom
Yredelemnul
The Shining One

Shops:
Orc:2 ?}}[=   Snake:1 *?(   Vaults:1 (

Annotations:
D:4 3 runed doors, Barriton's ghost, amateur DrIE
Lair:1 exclusion: 3 oklob plants
Lair:3 exclusion: downstairs
Lair:6 exclusion: 3 oklob plants
Swamp:4 Lernaean hydra
Snake:2 Nikola
Snake:3 Agnes
Vaults:1 1 runed door, casual's ghost, adept DgCj


Innate Abilities, Weirdness & Mutations

You are very small and have problems with some larger weapons.
You are too small for most types of armour.
You have supernaturally acute eyesight. (SInv)
You are a herbivore.
You cover ground extremely quickly.
You need to consume almost no food.


Message History

Your adder barely misses the fire giant.
The fire giant points at you and mumbles some strange words.
The bolt of fire hits your adder.
Your adder dies!
The bolt of fire misses you.
Your ice beast hits the fire giant but does no damage.
Your ice beast hits the fire giant but does no damage.
Casting: Summon Ice Beast (safe; 3% risk of failure)
Confirm with . or Enter, or press ? or * to list all spells.
A chill wind blows around you.
You found a Zot trap!
Your ice beast hits the fire giant but does no damage.
The fire giant casts a spell at you.
The fireball explodes!
The fireball engulfs your ice beast.
Your ice beast melts!
Your ice beast dies!
The fireball engulfs you!
Ouch! That really hurt!
You die...
Your body crumbles into a pile of gold.

......#.#.......#..#..>...#..#...
......#.#.......#..#......#..####
......#.#.......#..#......+......
......#$#...<...'..+......####'##
......#.#.......#..#......#....#.
......#.#.......#..#......#....#.
.(....#.#.......#..########....#.
......#.#.......#..............#.
......#.#########..............#.
......#..Y.....................##
......#..YC.....@................
......#..........................
'######..........................
..................^..............
.................................
#################################


You could see a fire giant and 2 friendly ice beasts.

Vanquished Creatures
  A thorn hunter (Swamp:3)
  11 nagarajas
  A vault warden (Vaults:3)
  6 ironheart preservers
  A very ugly thing (Vaults:1)
  2 entropy weavers
  A stone giant (Vaults:2)
  Azrael (Snake:2)
  A fire dragon (Vaults:2)
  A great orb of eyes (Vaults:2)
  11 naga warriors
  8 ogre magi
  A vault guard (Vaults:3)
  6 yaktaur captains
  A hydra (shapeshifter) (D:14)
  A rakshasa (Vaults:1)
  19 hydras
  2 ice dragons
  2 catoblepae (Lair:6)
  5 anacondas
  6 centaur warriors
  10 two-headed ogres
  A death knight (D:14)
  10 alligators
  4 naga sharpshooters
  7 shock serpents
  An orc high priest (Orc:2)
  A deep elf knight (Vaults:2)
  3 skeletal warriors
  3 salamander mystics
  3 unseen horrors
  2 spriggan druids
  A glowing orange brain (Vaults:2)
  A wizard (Vaults:1)
  4 deep elf archers
  11 swamp dragons
  12 ironbrand convokers
  5 naga ritualists (Snake:4)
  Pikel (D:8)
  2 mana vipers (Snake:2)
  3 deep elf magi
  24 ugly things
  A wolf spider zombie (D:14)
  6 manticores
  5 orc sorcerers
  10 orc knights
  4 cyclopes
  31 black mambas
  6 salamanders
  13 elephants
  An elephant (shapeshifter) (Vaults:1)
  16 naga magi
  2 guardian serpents
  A black mamba (shapeshifter) (Vaults:1)
  Psyche (D:8)
  6 vault sentinels
  19 spiny frogs
  2 gargoyles
  11 komodo dragons
  An efreet (D:15)
  5 yaktaurs
  2 freezing wraiths
  A troll (Orc:1)
  2 polar bears
  2 tyrant leeches
  3 hornets
  Grinder (D:3)
  17 bog bodies
  10 dream sheep
  6 blink frogs
  14 hippogriffs
  25 slime creatures
  A hippogriff (shapeshifter) (Vaults:1)
  4 shadows
  A meliai zombie (D:12)
  4 redbacks (Snake:4)
  2 spriggans
  A basilisk (D:14)
  2 vampires
  6 humans (D:14)
  Grum (D:10)
  4 hungry ghosts
  2 wraiths
  5 hogs (D:13)
  49 yaks
  2 steam dragons
  24 vampire mosquitoes
  13 swamp worms
  2 acid dragons
  16 insubstantial wisps
  25 nagas
  8 water moccasins
  5 porcupines
  18 orc warriors
  9 swamp drakes
  4 ice beasts
  3 slaves (D:8)
  3 black bears (shapeshifter)
  A black bear (D:6)
  3 phantoms
  4 sky beasts
  2 boggarts (Vaults:1)
  6 wolves
  16 ogres
  12 centaurs
  10 crocodiles
  15 bullfrogs
  5 big kobolds
  4 scorpions
  A wyvern skeleton (D:10)
  An orc simulacrum (Vaults:1)
  9 wights
  5 howler monkeys
  8 crimson imps
  A bullfrog zombie (D:5)
  A centaur zombie (D:6)
  2 gnoll shamans
  7 hounds
  26 orc priests
  A bullfrog skeleton (D:11)
  12 jellies
  27 orc wizards
  10 centaur skeletons
  Jessica (D:3)
  4 iguanas
  12 worker ants
  3 hound zombies
  A hound skeleton (D:7)
  A worker ant zombie (D:11)
  2 howler monkey zombies
  7 gnolls
  17 adders
  2 shadow imps
  5 oozes (D:14)
  2 adder skeletons
  2 adder zombies
  3 worms
  3 dart slugs (D:1)
  2 leopard geckos
  55 orcs
  6 goblins
  5 hobgoblins
  20 jackals
  4 quokkas
  A ball python (D:2)
  7 bats
  7 frilled lizards
  33 kobolds
  2 leopard gecko skeletons
  A quokka skeleton (D:6)
  8 rats
1040 creatures vanquished.

Vanquished Creatures (collateral kills)
  A lich (Vaults:1)
  Kirke (D:13)
  A thorn hunter (Swamp:4)
  3 nagarajas
  Aizul (Snake:2)
  A dire elephant (D:15)
  A fire dragon (Vaults:2)
  A naga warrior (Snake:1)
  4 hydras
  An anaconda (Snake:4)
  2 catoblepae
  A two-headed ogre (D:14)
  An alligator (Swamp:3)
  5 death yaks (Lair:6)
  3 naga sharpshooters
  A spriggan druid (Swamp:1)
  A swamp dragon (Swamp:1)
  2 skeletal warriors (D:15)
  A shambling mangrove (Swamp:2)
  5 naga ritualists
  7 mana vipers
  A phantasmal warrior (Vaults:3)
  A manticore (Lair:6)
  2 salamanders
  2 naga magi
  A freezing wraith (D:15)
  2 bog bodies
  A hornet (shapeshifter) (Vaults:2)
  6 hornets
  2 slime creatures (Vaults:1)
  2 dream sheep (Lair:5)
  3 redbacks (Snake:4)
  A wraith (Vaults:3)
  5 spriggans
  6 yaks (Lair:6)
  10 humans (D:14)
  5 fire elementals (Snake:2)
  6 vampire mosquitoes
  A hog (D:13)
  12 nagas
  4 insubstantial wisps
  2 swamp worms (Swamp:1)
  A warg (Vaults:2)
  3 hell hounds (Snake:2)
  A water moccasin (Lair:6)
  3 swamp drakes
  4 orc warriors
  An ogre (Vaults:3)
  A phantom (D:14)
  An eye of draining (D:15)
  2 big kobolds
  A crimson imp (D:14)
  4 orc priests
  4 orc wizards
  8 orcs
  6 kobolds (D:12)
159 creatures vanquished.

Vanquished Creatures (others)
  A yaktaur captain (Vaults:1)
  A naga mage (Snake:4)
  2 yaktaurs (Vaults:1)
  2 dancing weapons
  A spriggan (Swamp:2)
  A redback (Snake:4)
  An orc warrior (Vaults:2)
  A centaur (Vaults:2)
  A gnoll (D:8)
  A briar patch (Swamp:3)
  A bush (Swamp:4)
  38 fungi
  19 plants
70 creatures vanquished.

Grand Total: 1269 creatures vanquished

Notes
Turn   | Place    | Note
-------+----------+-------------------------------------------
     0 | D:1      | toffzen the Spriggan Enchanter began the quest for the Orb.
     0 | D:1      | Reached XP level 1. HP: 9/9 MP: 5/5
   202 | D:1      | Reached XP level 2. HP: 9/13 MP: 4/6
   206 | D:1      | Learned a level 2 spell: Ensorcelled Hibernation
  1245 | D:1      | Reached XP level 3. HP: 16/16 MP: 5/8
  1505 | D:2      | Found a shimmering altar of Xom.
  1512 | D:2      | Reached skill level 5 in Stealth
  1703 | D:2      | Found a faded altar of an unknown god.
  1806 | D:2      | Learned a level 3 spell: Confuse
  2155 | D:2      | Reached XP level 4. HP: 21/21 MP: 8/10
  3066 | D:3      | Reached skill level 5 in Hexes
  3072 | D:3      | Reached XP level 5. HP: 24/24 MP: 8/11
  3128 | D:3      | Noticed a dagger
  3176 | D:3      | Noticed Jessica
  3267 | D:3      | Killed Jessica
  3389 | D:3      | Noticed Grinder
  3472 | D:3      | Found a glowing golden altar of the Shining One.
  3577 | D:3      | Paralysed by Grinder for 4 turns
  3599 | D:3      | Killed Grinder
  3599 | D:3      | Reached skill level 5 in Dodging
  3599 | D:3      | Reached skill level 6 in Stealth
  3599 | D:3      | Reached XP level 6. HP: 21/28 MP: 13/13
  3732 | D:4      | Found a runed gate.
  3732 | D:4      | Found a runed gate.
  3799 | D:4      | Lost strength.
  3859 | D:4      | Found a runed gate.
  3859 | D:4      | Noticed Barriton's ghost (amateur DrIE)
  3880 | D:4      | Learned a level 3 spell: Dazzling Spray
  3934 | D:4      | Reached XP level 7. HP: 32/32 MP: 13/15
  3963 | D:4      | Found a snail-covered altar of Cheibriados.
  4069 | D:4      | Reached skill level 7 in Stealth
  4120 | D:4      | Reached skill level 5 in Spellcasting
  4291 | D:4      | Found a stormy altar of Qazlal.
  4291 | D:4      | Found a faded altar of an unknown god.
  4297 | D:4      | Found a basalt altar of Yredelemnul.
  4299 | D:4      | Found an ornate altar of the Wu Jian Council.
  4300 | D:4      | Found a faded altar of an unknown god.
  4430 | D:5      | Entered Level 5 of the Dungeon
  5043 | D:5      | Reached XP level 8. HP: 36/36 MP: 14/17
  5151 | D:5      | Reached skill level 8 in Stealth
  5821 | D:6      | Identified Sif Muna's Almanac of Ghastly Orientation
  5827 | D:6      | Learned a level 3 spell: Tukima's Dance
  5854 | D:6      | Found an opulent altar of Gozag.
  5866 | D:6      | Became a worshipper of Gozag Ym Sagoz the Greedy
  5899 | D:6      | Found a shadowy altar of Dithmenos.
  5989 | D:6      | Reached skill level 9 in Stealth
  6161 | D:6      | Reached XP level 9. HP: 30/39 MP: 13/20
  6658 | D:6      | Found a staircase to the Ecumenical Temple.
  6686 | D:7      | Reached skill level 10 in Hexes
  7423 | D:7      | Reached skill level 10 in Stealth
  8433 | D:8      | Reached skill level 1 in Fighting
  8484 | D:8      | Noticed Pikel
  8773 | D:8      | Found a staircase to the Lair.
  8774 | D:8      | Noticed a komodo dragon
  8789 | D:8      | Reached XP level 10. HP: 46/46 MP: 23/23
  8947 | D:8      | Noticed Psyche
  9003 | D:8      | Killed Psyche
  9198 | D:8      | Killed Pikel
  9198 | D:8      | Reached skill level 10 in Dodging
  9198 | D:8      | Reached skill level 11 in Stealth
  9361 | D:8      | Found a sparkling altar of Nemelex Xobeh.
 10708 | D:9      | Noticed a two-headed ogre
 10734 | D:9      | Killed a two-headed ogre
 10983 | D:10     | Entered Level 10 of the Dungeon
 11018 | D:10     | Noticed a gargoyle
 11109 | D:10     | Killed a gargoyle
 11121 | D:10     | Noticed Grum
 11125 | D:10     | Reached skill level 12 in Stealth
 11125 | D:10     | Reached XP level 11. HP: 52/52 MP: 20/25
 11138 | D:10     | Killed Grum
 11167 | D:10     | Learned a level 4 spell: Summon Lightning Spire
 11191 | D:10     | Found a hide-covered altar of Uskayaw.
 11432 | D:10     | Found a staircase to the Orcish Mines.
 11468 | D:10     | Reached skill level 1 in Air Magic
 11628 | D:10     | Reached skill level 1 in Summonings
 12217 | D:10     | Noticed a two-headed ogre
 12242 | D:10     | Killed a two-headed ogre
 12512 | D:10     | Upgraded the game from 0.23-a0-115-g8d3be6a to
                  | 0.23-a0-119-ga86c9e7
 12639 | Lair:1   | Entered Level 1 of the Lair of Beasts
 12740 | Lair:1   | Noticed a four-headed hydra
 12748 | Lair:1   | Killed a four-headed hydra
 12888 | Lair:1   | Noticed an oklob plant
 12888 | Lair:1   | Noticed an oklob plant
 12888 | Lair:1   | Noticed an oklob plant
 13234 | Lair:1   | Reached skill level 13 in Stealth
 13825 | Lair:2   | Reached skill level 10 in Spellcasting
 13987 | Lair:2   | Noticed an eight-headed hydra
 14045 | Lair:2   | Killed an eight-headed hydra
 14045 | Lair:2   | Reached XP level 12. HP: 19/59 MP: 18/27
 14312 | Lair:2   | Reached skill level 5 in Fighting
 14439 | Lair:2   | Found a staircase to the Swamp.
 16589 | Lair:4   | Found a staircase to the Snake Pit.
 16659 | Lair:4   | Noticed a six-headed hydra
 16952 | Lair:4   | Noticed a four-headed hydra
 16959 | Lair:4   | Killed a four-headed hydra
 17117 | Lair:4   | Killed a six-headed hydra
 17117 | Lair:4   | Reached skill level 14 in Stealth
 17878 | Lair:5   | Reached skill level 5 in Air Magic
 17970 | Lair:5   | Learned a level 4 spell: Summon Ice Beast
 18376 | Lair:5   | Noticed a six-headed hydra
 18581 | Lair:5   | Noticed a five-headed hydra
 18588 | Lair:5   | Killed a five-headed hydra
 18588 | Lair:5   | Reached skill level 1 in Ice Magic
 18633 | Lair:5   | Reached XP level 13. HP: 65/65 MP: 23/29
 18777 | Lair:5   | Reached skill level 5 in Summonings
 19461 | Lair:6   | Entered Level 6 of the Lair of Beasts
 20016 | Lair:6   | Reached skill level 15 in Stealth
 22423 | Lair:6   | Reached XP level 14. HP: 72/72 MP: 31/31
 22748 | Lair:6   | Found a staircase to the Slime Pits.
 23402 | D:11     | Found a labyrinth entrance.
 24389 | D:12     | Reached skill level 5 in Shields
 24428 | D:12     | Reached skill level 16 in Stealth
 24960 | D:13     | Noticed Kirke
 25127 | D:13     | Reached XP level 15. HP: 63/75 MP: 14/32
 25604 | D:13     | You fall through a shaft for 2 floors!
 25604 | D:15     | Entered Level 15 of the Dungeon
 25851 | D:14     | Found a glowing golden altar of the Shining One.
 26196 | D:13     | Killed Kirke
 26710 | D:14     | Found a gate to the Vaults.
 27008 | D:14     | Reached skill level 17 in Stealth
 27378 | D:14     | Reached skill level 5 in Short Blades
 29146 | D:15     | Got a tattered robe
 29163 | D:15     | Identified the +1 robe of an ice cave {MR+} (You found it
                  | on level 15 of the Dungeon)
 29522 | D:15     | Found a staircase to the Depths.
 29683 | Orc:1    | Entered Level 1 of the Orcish Mines
 30309 | Orc:2    | Entered Level 2 of the Orcish Mines
 30558 | Orc:2    | Found a staircase to the Elven Halls.
 30667 | Orc:2    | Found Epsuaruu's Magic Scroll Shoppe.
 30771 | Orc:2    | Bought a scroll of summoning for 95 gold pieces
 30771 | Orc:2    | Bought a scroll of teleportation for 30 gold pieces
 30771 | Orc:2    | Bought a scroll of blinking for 75 gold pieces
 30771 | Orc:2    | Bought a scroll of teleportation for 30 gold pieces
 30771 | Orc:2    | Bought a scroll of enchant armour for 75 gold pieces
 30771 | Orc:2    | Bought a scroll of teleportation for 30 gold pieces
 30835 | Orc:2    | Reached skill level 15 in Dodging
 31930 | Orc:2    | Found Estibbom's Armour Shoppe.
 31932 | Orc:2    | Found Bonie's Jewellery Shoppe.
 31933 | Orc:2    | Found Rukk's Gadget Emporium.
 31936 | Orc:2    | Found Waz Kikiorgh's Gadget Emporium.
 32472 | Snake:1  | Entered Level 1 of the Snake Pit
 33062 | Snake:1  | Found Areth's Magic Scroll Boutique.
 33069 | Snake:1  | Bought a scroll of blinking for 142 gold pieces
 33092 | Snake:1  | Found Womab's Antique Weapon Emporium.
 33520 | Snake:1  | Found Winligy's Assorted Antiques.
 33572 | Snake:1  | Bought a potion of heal wounds for 125 gold pieces
 34055 | Snake:1  | Reached skill level 18 in Stealth
 35480 | Snake:2  | Noticed Azrael
 35714 | Snake:2  | Noticed Nikola
 36231 | Snake:2  | Noticed a nagaraja
 36275 | Snake:1  | Upgraded the game from 0.23-a0-119-ga86c9e7 to
                  | 0.23-a0-126-g19e28b4
 36576 | Snake:2  | Reached XP level 16. HP: 77/82 MP: 15/33
 37061 | Snake:2  | HP: 2/82 [Nikola/chain lightning (22)]
 37416 | Snake:1  | Learned a level 2 spell: Sticks to Snakes
 37877 | Swamp:1  | Entered Level 1 of the Swamp
 38218 | Swamp:1  | Reached skill level 1 in Transmutations
 42319 | Swamp:3  | Reached skill level 19 in Stealth
 42529 | Swamp:3  | Reached skill level 5 in Transmutations
 42913 | Swamp:3  | Noticed a thorn hunter
 43595 | Swamp:3  | Killed a thorn hunter
 44145 | Swamp:4  | Entered Level 4 of the Swamp
 44146 | Swamp:4  | Upgraded the game from 0.23-a0-126-g19e28b4 to
                  | 0.23-a0-130-g0e7800e
 44328 | Swamp:4  | Noticed a thorn hunter
 44369 | Swamp:4  | Killed a thorn hunter
 45985 | Swamp:3  | Identified a scroll of acquirement
 47874 | Swamp:4  | Reached skill level 20 in Stealth
 48112 | Swamp:4  | Reached skill level 10 in Fighting
 48274 | Swamp:4  | Noticed the 27-headed Lernaean hydra
 48942 | Swamp:4  | Got a decaying rune of Zot
 49329 | Snake:3  | Noticed Aizul
 49565 | Snake:3  | Reached XP level 17. HP: 39/89 MP: 14/34
 49824 | Snake:3  | Noticed Agnes
 50703 | Snake:2  | Killed Azrael
 50797 | Snake:2  | Killed Aizul
 53160 | Snake:3  | Reached skill level 5 in Ice Magic
 53565 | Snake:4  | Entered Level 4 of the Snake Pit
 55087 | Snake:4  | Reached skill level 21 in Stealth
 58487 | Snake:4  | Got a serpentine rune of Zot
 58752 | Vaults:1 | Entered Level 1 of the Vaults
 59297 | Vaults:1 | Reached XP level 18. HP: 96/96 MP: 31/35
 59409 | Vaults:1 | Noticed a lich
 59452 | Vaults:1 | Killed a lich
 59550 | Vaults:1 | Found a flickering gateway to a bazaar.
 59568 | Bazaar   | Entered a bazaar
 59583 | Bazaar   | Found Siofe's Antique Armour Emporium.
 59583 | Bazaar   | Found Oweopteg's Assorted Antiques.
 59605 | Bazaar   | Found Ysecse's Food Shoppe.
 59648 | Bazaar   | Found Foexzyup's Jewellery Emporium.
 59648 | Bazaar   | Found Fiohyvvo's Food Shoppe.
 59968 | Vaults:1 | Reached skill level 22 in Stealth
 60284 | Vaults:1 | Found a runed door.
 60284 | Vaults:1 | Found a shimmering altar of Xom.
 60284 | Vaults:1 | Noticed casual's ghost (adept DgCj)
 60731 | Vaults:1 | Found Wuer Zij's Weapon Emporium.
 62134 | Vaults:1 | Got a pitted dagger
 62135 | Vaults:1 | Identified the +1 dagger of Garuvos {pierce, Int+3 Dex+2}
                  | (You found it on level 1 of the Vaults)
 64559 | Vaults:2 | Reached skill level 23 in Stealth
 64822 | Vaults:2 | Upgraded the game from 0.23-a0-130-g0e7800e to
                  | 0.23-a0-136-g722f094
 65291 | Vaults:3 | Found a staircase to the Crypt.
 66434 | Vaults:3 | Reached XP level 19. HP: 95/103 MP: 32/36
 66801 | Vaults:3 | Killed from afar by a fire giant

Vault maps used:
D:1:      minmay_arrival_doors
D:2:      chequers_ecumenical_altar_simple, xom_teletrap_fun
D:3:      tso_oasis_becter, dancing_weapons_uskayaw, first_ration, nrook_uturn,
          uniq_grinder, uniq_natasha, uniq_jessica
D:4:      lemuel_doored_altar, chequers_temple_overflow_minitemple,
          gammafunk_ghost_nasty_kobolds
D:5:      kennysheep_spiral_hall
D:6:      cheibrodos_thug_alley, grunt_dithmenos_smoke_and_mirrors,
          kennysheep_mini, minmay_temple_entry_fiery
D:8:      cheibrodos_iron_armory, marbit_many_paths, david_lair_shrubbed,
          uniq_psyche, uniq_pikel
D:10:     orc_0_dummy, basic_altar, uniq_grum
D:11:     lab_entry_generic
D:13:     uniq_kirke
D:14:     david_vaults_3, hangedman_little_slice_of_home, st_stairs_6,
          tso_metal_star
D:15:     hangedman_depths_entry_try_elsewhere_first,
          hangedman_abyss_or_decor_stagger
Lair:1:   serial_bayou_pond_a, beast_lair_carwin_3, minmay_lair_oklob_chamber
Lair:2:   minmay_swamp_entry_wisps, lemuel_fruit_tree
Lair:3:   serial_bayou_shore_b
Lair:4:   dummy_snake_entry, grunt_megastairs_1
Lair:6:   evilmike_catoblepas_cave, minmay_slime_entry_oklob_open, minivault_24,
          minivault_27
Swamp:1:  infiniplex_staircase_pool
Swamp:2:  evilmike_swamp_ruin_house_4
Swamp:3:  evilmike_swamp_ruin_house_1, swamp_pool1
Swamp:4:  grunt_swamp_rune_castle, swamp_pool4
Snake:1:  serial_shops, nicolae_shop_stone, shop_statue, shop_scrolls,
          grunt_ministairs_12, corexii_hall_statues_x, grunt_megastairs_2
Snake:2:  uniq_nikola, uniq_azrael
Snake:3:  nicolae_aizul_guard, uniq_agnes
Snake:4:  snake_pit, spider_trap
Orc:2:    st_orc_mages, serial_shops, nicolae_shop_stone, mines2_lemuel
Vaults:1: ebering_vaults_ghost_xom, vaults_room_large_hall,
          nicolae_vaults_disjoint_gnomons, dpeg_vaults_monster_box,
          vaults_mumra_hex, vaults_mumra_minichess, nicolae_vaults_puzzle_piece,
          ontoclasm_vaults_loading_screen, st_hourglassy,
          ontoclasm_vaults_ligature, vaults_mumra_hexcomb, serial_shops,
          bzr_entry_gold
Vaults:2: grunt_vaults_diagonal, v_alt_pattern_2, v_misc_13,
          vaults_dpeg_encased_lava, nicolae_vaults_yaktaur_gun_rack,
          nicolae_vaults_little_squares_3, grunt_vaults_trifunnel, v_misc_15,
          ontoclasm_vaults_fault, dpeg_vaults_monster_row, v_misc_24,
          nicolae_vaults_big_angled_halls
Vaults:3: nicolae_vaults_theta, nicolae_vaults_mini_display_case,
          ontoclasm_vaults_bender, minmay_crypt_entry_simple_round,
          ontoclasm_vaults_gallery, ontoclasm_vaults_decontamination,
          vaults_room_corners, nicolae_vaults_gold_heap, vaults_room_pools
Bazaar:   bazaar_long_row

Skill      XL: |  1  2  3  4  5  6  7  8  9 10 11 12 13 14 15 16 17 18 |
---------------+-------------------------------------------------------+-----
Hexes          | 4 5 6 8 9 10 11 | 11.6
Spellcasting   | 3 4 5 6 8 9 10 11 12 | 12.3
Stealth        | 5 6 7 9 10 12 13 14 15 16 18 20 21 23 | 23.5
Dodging        | 4 5 6 8 9 10 12 13 14 15 17 19 21 | 21.1
Fighting       | 1 3 4 6 7 8 10 11 12 | 12.7
Short Blades   | 2 4 7 |  7.0
Air Magic      | 3 5 |  5.0
Summonings     | 3 4 5 6 7 |  7.0
Ice Magic      | 1 3 5 |  5.0
Shields        | 4 5 7 |  7.2
Transmutations | 5 |  5.0

Action                   |  1- 3 |  4- 6 |  7- 9 | 10-12 | 13-15 | 16-18 | 19-21 || total
-------------------------+-------+-------+-------+-------+-------+-------+-------++-------
Melee: Dagger            |    94 |    93 |   516 |   477 |   720 |  1305 |     5 ||  3210
Throw: Stone             |       |       |       |     2 |     7 |    36 |       ||    45
 Cast: Corona            |     6 |       |       |       |       |       |       ||     6
       Ensorcelled Hiber |    34 |    32 |    57 |   151 |   164 |   213 |     1 ||   652
       Confuse           |       |    19 |    78 |   108 |   148 |   273 |     3 ||   629
       Dazzling Spray    |       |       |       |    29 |    53 |   338 |       ||   420
       Summon Ice Beast  |       |       |       |       |    78 |   150 |     8 ||   236
       Summon Lightning  |       |       |       |       |    75 |    73 |     2 ||   150
       Tukima's Dance    |       |       |       |       |     6 |    18 |       ||    24
       Sticks to Snakes  |       |       |       |       |       |    38 |     3 ||    41
Evoke: Wand              |       |       |       |     3 |     9 |    11 |       ||    23
       Lightning rod     |       |       |       |       |       |     1 |       ||     1
  Use: Scroll            |       |     5 |     6 |    12 |    12 |    16 |       ||    51
       Potion            |       |     1 |       |     1 |     2 |     5 |       ||     9
 Stab: Sleeping          |    28 |    17 |    47 |   118 |   143 |   170 |     4 ||   527
       Confused          |       |    12 |    41 |    60 |    97 |   149 |     1 ||   360
       Distracted        |       |     1 |     1 |     1 |     9 |    13 |       ||    25
       Paralysed         |       |       |       |     1 |     1 |       |       ||     2
       Invisible         |       |       |       |       |     2 |    54 |       ||    56
  Eat: Ration            |       |     3 |     4 |     5 |     8 |    16 |       ||    36
Armor: Robe              |    12 |    14 |    44 |    22 |    19 |    16 |       ||   127
Dodge: Dodged            |    92 |    86 |   293 |   321 |   331 |   941 |     2 ||  2066
       Deflected         |       |       |       |       |       |    72 |       ||    72
Block: Other             |       |       |     9 |    16 |     8 |       |       ||    33
       Reflection        |       |       |     2 |     2 |    23 |    71 |       ||    98
       Buckler           |       |       |       |       |   168 |   528 |       ||   696

Table legend:
 A = Non-vault XP
 B = Vault XP
 C = Vault XP percentage of total XP
 D = Non-vault monster count
 E = Vault monster count
 F = Vault count percentage of total count
                 A         B        C        D         E       F
            +---------+---------+-------+---------+---------+-------
      Total |  213088 |  132674 |  38.4 |     902 |     301 |  25.0
            +---------+---------+-------+---------+---------+-------
        D:1 |      42 |       0 |   0.0 |      23 |       0 |   0.0
        D:2 |     123 |       0 |   0.0 |      29 |       0 |   0.0
        D:3 |      93 |     309 |  76.9 |       9 |       2 |  18.2
        D:4 |     496 |       0 |   0.0 |      15 |       0 |   0.0
        D:5 |     749 |     139 |  15.7 |      31 |       4 |  11.4
        D:6 |    1192 |     104 |   8.0 |      18 |      11 |  37.9
        D:7 |    1033 |       0 |   0.0 |      20 |       0 |   0.0
        D:8 |    2217 |    1419 |  39.0 |      42 |       3 |   6.7
        D:9 |    1953 |       0 |   0.0 |      31 |       0 |   0.0
       D:10 |    4232 |     429 |   9.2 |      50 |       3 |   5.7
       D:11 |    2374 |       0 |   0.0 |      28 |       0 |   0.0
       D:12 |    4041 |       0 |   0.0 |      37 |       0 |   0.0
       D:13 |    3133 |    2066 |  39.7 |      13 |       7 |  35.0
       D:14 |    7049 |    7862 |  52.7 |      25 |      33 |  56.9
       D:15 |    7428 |    2102 |  22.1 |      29 |       4 |  12.1
     Lair:1 |    2873 |    1484 |  34.1 |      14 |       6 |  30.0
     Lair:2 |    6824 |     492 |   6.7 |      29 |       3 |   9.4
     Lair:3 |    2683 |       0 |   0.0 |      10 |       0 |   0.0
     Lair:4 |    3382 |    2487 |  42.4 |      12 |       7 |  36.8
     Lair:5 |    8992 |       0 |   0.0 |      29 |       0 |   0.0
     Lair:6 |   10965 |    6460 |  37.1 |      37 |      20 |  35.1
    Swamp:1 |    9854 |       0 |   0.0 |      33 |       0 |   0.0
    Swamp:2 |   11271 |    1680 |  13.0 |      33 |       2 |   5.7
    Swamp:3 |   12569 |    6730 |  34.9 |      35 |      13 |  27.1
    Swamp:4 |    6028 |    7320 |  54.8 |      20 |      17 |  45.9
    Snake:1 |    8496 |    2168 |  20.3 |      21 |       4 |  16.0
    Snake:2 |   12051 |    2746 |  18.6 |      30 |      10 |  25.0
    Snake:3 |   17606 |   15229 |  46.4 |      41 |       9 |  18.0
    Snake:4 |    9294 |   24822 |  72.8 |      23 |      40 |  63.5
      Orc:1 |    1845 |     540 |  22.6 |      19 |       2 |   9.5
      Orc:2 |    1695 |    3918 |  69.8 |      14 |      36 |  72.0
   Vaults:1 |   11580 |   25137 |  68.5 |      22 |      39 |  63.9
   Vaults:2 |   18043 |   10993 |  37.9 |      45 |      17 |  27.4
   Vaults:3 |   20882 |    6038 |  22.4 |      35 |       9 |  20.5
            +---------+---------+-------+---------+---------+-------
